 Dungeon Crawl Stone Soup version 0.32-a0-607-g64ea0e4219 (webtiles) character file.

Game seed: 14322370969996308505

14794 jasper the Destroyer (level 11, 0/84 HPs)
             Began as a Demonspawn Cinder Acolyte on Mar 3, 2024.
             Was a Believer of Ignis.
             Slain by a two-headed ogre
             ... wielding a +0 giant club
              (8 damage)
             ... on level 11 of the Dungeon.
             The game lasted 00:27:50 (14562 turns).

jasper the Destroyer (Demonspawn Cinder Acolyte)   Turns: 14562, Time: 00:27:51

Health: 0/84       AC: 13    Str: 16    XL:     11   Next: 93%
Magic:  27/32      EV: 12    Int: 20    God:    Ignis [**....]
Gold:   484        SH:  0    Dex:  8    Spells: 8/27 levels left

rFire   + .          .
                       - Unarmed
rCold   . . .        R - +2 buckler
rNeg    + . .        O - +0 steam dragon scales
rPois   .            i - +2 helmet
rElec   .            T - +0 cloak
rCorr   .            G - +2 pair of gloves
SInv    .            L - +0 pair of boots
Will    .....        P - amulet of magic regeneration Stlth
                     N - ring "Asiwir" {rN+ MP+9 Str+2 Stlth-}
HPRegen 0.34/turn    t - ring of flight
MPRegen 0.63/turn

%: no passive effects
@: confused, flying
A: hooves 2, ignite blood 2, demonic magic 2
a: Renounce Religion, Fiery Armour, Foxfire Swarm, Rising Flame


You were on level 11 of the Dungeon.
You worshipped Ignis.
Ignis was pleased with you.
You visited 2 branches of the dungeon, and saw 12 of its levels.
You also visited: Ossuary.

You collected 618 gold pieces.
You spent 134 gold pieces at shops.

Inventory:

Hand Weapons
 l - a +0 quarterstaff
 I - a +4 trident of draining
Missiles
 c - 123 stones
 k - 7 throwing nets
 S - a curare-tipped dart
Armour
 i - a +2 helmet (worn)
 o - a scarf of invisibility
 x - a +2 hat
 B - a +0 troll leather armour
 F - a +2 leather armour of fire resistance
 G - a +2 pair of gloves (worn)
 J - an orb of energy
 L - a +0 pair of boots (worn)
 O - +0 steam dragon scales (worn)
 R - a +2 buckler (worn)
 T - a +0 cloak (worn)
Magical Staves
 f - a staff of earth
 h - a staff of cold
Jewellery
 j - a ring of positive energy
 t - a ring of flight (right hand)
 y - an amulet of guardian spirit
 N - the ring "Asiwir" (left hand) {rN+ MP+9 Str+2 Stlth-}
   (You found it on level 9 of the Dungeon)

   [ring of positive energy]

   Str+2:     It affects your strength (+2).
   rN+:       It protects you from negative energy.
   MP+9:      It affects your magic capacity (+9).
   Stlth-:    It makes you less stealthy.
 P - an amulet of magic regeneration (around neck)
Wands
 z - a wand of warping (21)
 D - a wand of paralysis (11)
 E - a wand of acid (6)
 H - a wand of mindburst (3)
 M - a wand of flame (7)
Scrolls
 a - a scroll of fog
 b - 4 scrolls of poison
 q - 4 scrolls of noise
 r - 2 scrolls of immolation
 s - a scroll of silence
 w - a scroll of vulnerability
 A - 3 scrolls of identify
 C - 2 scrolls of revelation
 Q - a scroll of butterflies
 U - 2 scrolls of teleportation
Potions
 e - a potion of cancellation
 g - a potion of enlightenment
 m - 3 potions of curing
 n - 4 potions of degeneration
 p - a potion of resistance
 u - 2 potions of attraction
 v - 3 potions of might
 K - 2 potions of mutation
Miscellaneous
 d - a phial of floods


   Skills:
 - Level 7.0 Fighting
 - Level 6.0 Dodging
 - Level 5.0 Shields
 - Level 3.0 Unarmed Combat
 + Level 8.7 Spellcasting
 - Level 10.0 Conjurations
 - Level 5.0 Summonings
 - Level 2.6 Fire Magic
 - Level 3.0 Ice Magic
 - Level 4.0 Air Magic
 - Level 4.0 Alchemy


You had 8 spell levels left.
You knew the following spells:

 Your Spells              Type           Power      Damage    Failure   Level
a - Scorch                Fire           38%        2d6       4%          2
b - Magic Dart            Conj           100%       1d8       1%          1
c - Searing Ray           Conj           96%        2d7       1%          2
d - Fulminant Prism       Conj/Alch      18%        3d10      5%          4
e - Apportation           Tloc           16%        N/A       10%         1
f - Swiftness             Air            24%        N/A       6%          3
g - Summon Ice Beast      Ice/Summ       24%        N/A       6%          3
h - Mephitic Cloud        Conj/Alch/Air  32%        N/A       2%          3

Your spell library contained the following spells:

 Spells                   Type           Power      Damage    Failure   Level
 Sting                    Conj/Alch      100%       1d9       1%          1
 Summon Small Mammal      Summ           100%       N/A       1%          1
 Hailstorm                Conj/Ice       34%        3d8       1%          3
 Dazzling Flash           Conj/Hex       56%        N/A       3%          3
 Ensorcelled Hibernation  Hex/Ice        28%        N/A       9%          2
 Necrotise                Necr           32%        1d5       10%         1
 Passwall                 Erth           8%         N/A       30%         3
 Summon Forest            Summ/Tloc      9%         N/A       69%         5
 Silence                  Hex/Air        8%         N/A       77%         5
 Curse of Agony           Necr           8%         N/A       95%         5
 Eringya's Noxious Bog    Alch           12%        4d6       96%         6
 Sculpt Simulacrum        Ice/Alch       11%        N/A       98%         6
 Summon Hydra             Summ           14%        N/A       100%        7


Dungeon Overview and Level Annotations

Branches:
Dungeon (11/15)            Temple (1/1) D:6            Lair (0/5) D:9
    Orc (0/2) D:9         Ossuary (visited)

Altars:
Ashenzari
Cheibriados
Dithmenos
Fedhas
Gozag
Hepliaklqana
Kikubaaqudgha
Makhleb
Nemelex Xobeh
Okawaru
Qazlal
Ru
Sif Muna
Trog
Uskayaw
Vehumet
Wu Jian
Xom
Yredelemnul
Lugonu

Shops:
D:9 *   D:10 *

Annotations:
D:5 1 runed translucent door, Scrunko's ghost, novice DjFE
D:7 2 transporters
D:11 1 runed translucent door, Azoth's ghost, journeyman CoHu


Innate Abilities, Weirdness & Mutations

You have hoof-like feet.
Your demonic aura often causes spilled blood to erupt in flames.
Spells you cast may paralyse nearby enemies.


Message History

The two-headed ogre hits you with a +0 giant club!
You block the two-headed ogre's attack.
You take 16 damage, and have 36/84 hp.
Casting: Fulminant Prism (dangerous; 5% risk of failure)
Confirm with . or Enter, or press ? or * to list all spells.
Aiming: Fulminant Prism (dangerous; 5% risk of failure)
Press: ? - help, Dir - move target You conjure a prism of explosive energy!
Malevolent energies surge around you.
A fulminant prism comes into view.
You now have 29/32 mp.
Casting: Fulminant Prism (dangerous; 5% risk of failure)
Confirm with . or Enter, or press ? or * to list all spells.
Aiming: Mephitic Cloud (mildly dangerous; 2% risk of failure)
Press: ? - help, Shift-Dir - straight line, f - fulminant prism
Aim: a fulminant prism (friendly, not susceptible)
The ball explodes into a vile cloud!
The stinking cloud engulfs the two-headed ogre.
The two-headed ogre is moderately wounded.
The stinking cloud engulfs the merfolk.
The stinking cloud engulfs you. Malevolent energies surge around you.
You are engulfed in noxious fumes.
You choke on the stench!
You are confused.
The two-headed ogre is engulfed in noxious fumes.
The two-headed ogre hits you with a +0 giant club! x2
* * * LOW HITPOINT WARNING * * *
The merfolk is engulfed in noxious fumes.
The merfolk appears confused.
Your fulminant prism crackles loudly.
You take 19 damage, and have 18/84 hp.
MASSIVE DAMAGE!!
You now have 26/32 mp.
You bump into the rock wall.
You are engulfed in noxious fumes.
You choke on the stench!
You are more confused.
The merfolk is engulfed in noxious fumes.
The two-headed ogre is engulfed in noxious fumes.
The two-headed ogre hits you with a +0 giant club!
* * * LOW HITPOINT WARNING * * *
The two-headed ogre hits you with a +0 giant club!
You die...
Ignis goes out, and joins you in death.

#.............#
#)............#
#....#######..#
#....#.....#..#
#....#.....#..#
#.÷..##....#.*#
#.....+....#m☼#
#.....#....#O##
#.....#'####@#
#............#
#............#
######....####
#....# #....#
#....# #....#
#....#


You could see a merfolk shaped shifter (confused, ally target), a two-headed
ogre and a friendly fulminant prism.

Vanquished Creatures
  Harold (D:10)
  2 two-headed ogres (D:8)
  A centaur warrior (D:11)
  3 skeletal warriors (D:11)
  Maurice (D:11)
  A gargoyle (D:11)
  An unseen horror (D:11)
  A komodo dragon (D:11)
  Jeremiah (D:8)
  A troll (D:6)
  Grinder (D:6)
  A spriggan (D:10)
  A wraith (D:11)
  14 yaks (D:11)
  3 steam dragons
  Menkaure (Ossuary)
  6 orc warriors
  An ice beast (D:6)
  A sky beast (D:8)
  5 centaurs
  2 phantoms (D:5)
  A kobold brigand (D:10)
  2 gnoll sergeants
  2 bullfrogs
  4 scorpions
  5 wights (D:6)
  15 killer bees
  3 howler monkeys
  2 centaur zombies (Ossuary)
  2 jellies (D:4)
  5 orc priests
  3 gnoll boudas
  6 hounds
  A sleepcap (D:7)
  2 iguanas
  13 orc wizards
  3 ogre zombies (Ossuary)
  6 mummies (Ossuary)
  Robin (D:2)
  24 gnolls
  6 adders
  A shadow imp (D:8)
  2 white imps
  5 adder zombies (Ossuary)
  2 ribbon worms
  34 orcs
  5 endoplasms
  5 giant cockroaches
  A gnoll zombie (Ossuary)
  15 goblins
  6 hobgoblins
  3 jackals (D:3)
  10 kobolds
  A quokka (D:3)
  6 ball pythons
  4 bats
  6 frilled lizards
  7 goblin zombies (Ossuary)
  3 hobgoblin zombies (Ossuary)
  A kobold zombie (Ossuary)
  An orc zombie (Ossuary)
  4 quokka zombies (Ossuary)
  4 rats
  3 rat zombies (Ossuary)
284 creatures vanquished.

Vanquished Creatures (collateral kills)
  A two-headed ogre (D:11)
  A tengu warrior (D:11)
  A tengu conjurer (D:11)
  A troll (D:11)
  A killer bee (D:10)
  A howler monkey (D:11)
6 creatures vanquished.

Vanquished Creatures (others)
  93 fulminant prisms
93 creatures vanquished.

Grand Total: 383 creatures vanquished

Notes
Turn   | Place    | Note
-------+----------+-------------------------------------------
     0 | D:1      | jasper the Demonspawn Cinder Acolyte began the quest for
                  | the Orb.
     0 | D:1      | Reached XP level 1. HP: 18/18 MP: 2/2
   493 | D:1      | Gained mutation: Your demonic aura sometimes causes spilled
                  | blood to erupt in flames. [demonic ancestry]
   493 | D:1      | Reached XP level 2. HP: 22/24 MP: 3/3
   507 | D:1      | Learned a level 2 spell: Scorch
   884 | D:2      | Noticed Robin
   899 | D:2      | Reached skill level 1 in Dodging
   899 | D:2      | Gained mutation: Your demonic aura often causes spilled
                  | blood to erupt in flames. [demonic ancestry]
   899 | D:2      | Reached XP level 3. HP: 20/29 MP: 3/5
   907 | D:2      | Killed Robin
  1224 | D:2      | Gained mutation: You have large cloven feet. [demonic
                  | ancestry]
  1224 | D:2      | Reached XP level 4. HP: 30/37 MP: 5/7
  1516 | D:2      | You fall into a shaft and drop 1 floor!
  1539 | D:3      | Found a blossoming altar of Fedhas.
  1552 | D:3      | Noticed a scorpion
  1570 | D:3      | Killed a scorpion
  1571 | D:3      | Reached XP level 5. HP: 25/42 MP: 8/8
  2190 | D:3      | Learned a level 1 spell: Magic Dart
  2193 | D:3      | Learned a level 2 spell: Searing Ray
  2198 | D:3      | Learned a level 4 spell: Fulminant Prism
  2270 | D:3      | Found a sacrificial altar of Ru.
  2667 | D:4      | Gained mutation: Spells you cast may paralyse adjacent
                  | enemies. [demonic ancestry]
  2667 | D:4      | Reached XP level 6. HP: 42/49 MP: 10/10
  2669 | D:4      | Learned a level 1 spell: Apportation
  2731 | D:4      | Found a sand-covered staircase.
  2736 | Ossuary  | Entered an ossuary
  2864 | Ossuary  | Reached skill level 5 in Fighting
  3177 | Ossuary  | Reached skill level 1 in Conjurations
  3245 | Ossuary  | Noticed Menkaure
  3264 | Ossuary  | Killed Menkaure
  3265 | Ossuary  | Reached skill level 2 in Conjurations
  3265 | Ossuary  | Reached XP level 7. HP: 11/56 MP: 11/11
  3272 | Ossuary  | Reached skill level 3 in Conjurations
  3883 | D:4      | Reached skill level 4 in Conjurations
  4168 | D:5      | Entered Level 5 of the Dungeon
  4340 | D:5      | Found Zin's Purification Station.
  4348 | D:5      | Bought a potion of curing for 90 gold pieces
  4403 | D:5      | Reached skill level 5 in Conjurations
  4531 | D:5      | Found a runed translucent door.
  4531 | D:5      | Noticed Scrunko's ghost (novice DjFE)
  4605 | D:5      | Reached XP level 8. HP: 62/62 MP: 3/12
  5228 | D:6      | Noticed a troll
  5250 | D:5      | Reached skill level 6 in Conjurations
  5323 | D:6      | Killed a troll
  5324 | D:6      | Reached skill level 7 in Conjurations
  5525 | D:6      | Reached skill level 8 in Conjurations
  5727 | D:6      | Found a staircase to the Ecumenical Temple.
  6108 | D:6      | Reached skill level 1 in Alchemy
  6529 | D:6      | Noticed Grinder
  6536 | D:6      | Killed Grinder
  6537 | D:6      | Reached skill level 9 in Conjurations
  6537 | D:6      | Gained mutation: Spells you cast may paralyse nearby
                  | enemies. [demonic ancestry]
  6537 | D:6      | Reached XP level 9. HP: 68/68 MP: 5/13
  7220 | Temple   | Entered the Ecumenical Temple
  7482 | D:7      | Found a transporter.
  7482 | D:7      | Found a transporter.
  7483 | D:7      | Found a corrupted altar of Lugonu.
  7483 | D:7      | Noticed a red ugly thing
  7483 | D:7      | Noticed a red ugly thing
  7483 | D:7      | Noticed a purple ugly thing
  7607 | D:7      | Found a bloodstained altar of Trog.
  7872 | D:7      | Reached skill level 10 in Conjurations
  7968 | D:7      | Learned a level 3 spell: Swiftness
  8250 | D:7      | Reached skill level 1 in Air Magic
  8672 | D:8      | Noticed a two-headed ogre
  8689 | D:8      | Killed a two-headed ogre
  9187 | D:8      | Noticed Jeremiah
  9190 | D:8      | Gained mutation: You have hoof-like feet. [demonic
                  | ancestry]
  9190 | D:8      | Reached XP level 10. HP: 76/76 MP: 9/14
  9218 | D:8      | Killed Jeremiah
  9219 | D:8      | Reached skill level 5 in Dodging
  9368 | D:8      | Noticed a two-headed ogre
  9378 | D:8      | Killed a two-headed ogre
 10328 | D:9      | Found a staircase to the Orcish Mines.
 10363 | D:9      | Learned a level 3 spell: Summon Ice Beast
 10602 | D:9      | Reached skill level 1 in Summonings
 10681 | D:9      | Identified the +0 ring mail of Miuraruf {Int+2 Dex+3}
 10704 | D:9      | Identified the ring "Asiwir" {rN+ MP+9 Str+2 Stlth-}
 10706 | D:9      | Found a hazy altar of Hepliaklqana.
 10706 | D:9      | Found a staircase to the Lair.
 10810 | D:9      | Reached skill level 1 in Ice Magic
 11000 | D:9      | Found Hyfeur's Wicked Wares.
 11035 | D:9      | Identified the +0 chain mail "Fuinyewk" {rPois rN+ Will+}
 11613 | D:10     | Entered Level 10 of the Dungeon
 11897 | D:10     | Noticed Harold
 11909 | D:10     | Killed Harold
 12255 | D:10     | Reached skill level 5 in Summonings
 12463 | D:10     | Found an iron altar of Okawaru.
 12838 | D:10     | Found Xeclibro's General Store.
 12865 | D:10     | Bought a scroll of fog for 44 gold pieces
 13152 | D:11     | Noticed a gargoyle
 13167 | D:11     | Killed a gargoyle
 13168 | D:11     | Reached skill level 5 in Spellcasting
 13168 | D:11     | Reached XP level 11. HP: 76/83 MP: 6/18
 13171 | D:11     | Reached skill level 1 in Shields
 13214 | D:10     | Learned a level 3 spell: Mephitic Cloud
 13215 | D:11     | Noticed a centaur warrior
 13220 | D:11     | Killed a centaur warrior
 13261 | D:11     | Noticed a skeletal warrior
 13641 | D:11     | Noticed a skeletal warrior
 13641 | D:11     | Noticed a skeletal warrior
 13643 | D:11     | Noticed a skeletal warrior
 13644 | D:11     | Noticed a skeletal warrior
 13694 | D:11     | Killed a skeletal warrior
 13703 | D:11     | Killed a skeletal warrior
 13704 | D:11     | Reached skill level 5 in Shields
 13773 | D:11     | Killed a skeletal warrior
 13949 | D:11     | Noticed a tengu warrior
 13989 | D:11     | Killed a tengu warrior
 14169 | D:11     | Noticed a two-headed ogre
 14184 | D:11     | Killed a two-headed ogre
 14216 | D:11     | Noticed Azoth's ghost (journeyman CoHu)
 14217 | D:11     | Found a runed translucent door.
 14420 | D:11     | Noticed Maurice
 14461 | D:11     | Killed Maurice
 14537 | D:11     | Noticed a shining eye
 14540 | D:11     | a shining eye changed into a two-headed ogre
 14540 | D:11     | Noticed a two-headed ogre (glowing shapeshifter)
 14543 | D:11     | Noticed a two-headed ogre
 14555 | D:11     | a two-headed ogre changed into a merfolk
 14562 | D:11     | Slain by a two-headed ogre

Illustrated notes

Levels and vault maps discovered:
D:1:      minmay_arrival_hallway, layout_basic, serial_bayou_ford_a
D:2:      layout_loops_ring, uniq_robin
D:3:      layout_loops_ring, overflow_temple_1_default,
          mainiacjoe_overflow_cross_hatched, corexii_item_surrounded_by_moat
D:4:      layout_cave_pools, serial_column_ruins, column_ruins_corridor_corner,
          column_ruins_corridor_straight, column_ruins_open_small,
          column_ruins_open_medium_water, enter_ossuary_2
D:5:      layout_gridville, zin_purify, gammafunk_ghost_grave
D:6:      layout_basic, minmay_temple_entry_arrows, minmay_lizard_king,
          uniq_grinder
D:7:      gammafunk_corrupted_shrine, layout_gridville, lemuel_doored_altar
D:8:      layout_basic, uniq_jeremiah
D:9:      layout_cave_pods, mainiacjoe_overflow_alcove_2, lair_entry_dummy,
          orc_0_dummy, nicolae_evil_shop
D:10:     layout_basic, okawaru_metal_pillars_1_2, serial_shops, shop,
          the_hattery, uniq_harold
D:11:     nzn_winding_woodlands_stair_trap [nzn_winding_woodlands_5x15_garden,
          nzn_winding_woodlands_5x15_pathside_ponds,
          nzn_winding_woodlands_5x15_split_checker,
          nzn_winding_woodlands_15x15_eel_pit, nzn_winding_woodlands_5x15_eye,
          nzn_winding_woodlands_5x15_pool, nzn_winding_woodlands_5x15_zeroes],
          layout_irregular_city, ebering_ghost_reflecting_pool, uniq_maurice
Temple:   minmay_temple_bridge_d

Skill      XL: |  1  2  3  4  5  6  7  8  9 10 11 |
---------------+----------------------------------+-----
Unarmed Combat | 3 |  3.0
Dodging        | 1 2 4 5 6 |  6.0
Spellcasting   | 2 3 5 8 |  8.7
Fighting       | 4 5 6 7 |  7.0
Conjurations   | 2 5 9 10 | 10.0
Alchemy        | 2 4 |  4.0
Air Magic      | 3 4 |  4.0
Summonings     | 5 |  5.0
Ice Magic      | 3 |  3.0
Shields        | 5 |  5.0
Fire Magic     | |  2.6

Action                     |  1- 3 |  4- 6 |  7- 9 | 10-12 || total
---------------------------+-------+-------+-------+-------++-------
  Melee: Unarmed           |    98 |   280 |    65 |    53 ||   496
         Punch             |     4 |     7 |       |     1 ||    12
         Kick              |       |   101 |    19 |     3 ||   123
   Cast: Magic Dart        |       |       |    72 |    28 ||   100
         Searing Ray       |       |       |    48 |    50 ||    98
         Fulminant Prism   |       |       |    18 |    76 ||    94
         Summon Ice Beast  |       |       |       |    13 ||    13
         Mephitic Cloud    |       |       |       |     5 ||     5
         Swiftness         |       |       |       |     1 ||     1
 Invoke: Fiery Armour      |     1 |     3 |     3 |     1 ||     8
  Evoke: Wand              |       |       |     1 |     6 ||     7
    Use: Scroll            |       |    10 |     9 |     6 ||    25
         Potion            |       |       |     2 |     7 ||     9
   Stab: Paralysed         |       |       |     1 |    10 ||    11
 Armour: Ring mail         |    79 |   130 |    22 |       ||   231
         Robe              |     5 |       |    91 |       ||    96
         Leather armour    |       |       |     3 |    24 ||    27
         Steam dragon scal |       |       |       |   142 ||   142
  Dodge: Dodged            |    49 |   129 |    83 |    90 ||   351
  Block: Buckler           |       |       |       |    22 ||    22

Table legend: (Time is in decaauts)
 A = Elapsed time spent in this place.
 B = Non-inter-level travel time spent in this place.
 C = Inter-level travel time spent in this place.
 D = Time resting spent in this place.
 E = Time spent auto-exploring this place.
 F = Levels seen in this place.
 G = Mean time per level.
                   A        B        C        D        E       F      G
               +--------+--------+--------+--------+--------+-----+--------+
         Total |  14558 |  13867 |    691 |   2573 |   8716 |  13 | 1119.8 |
       Dungeon |  13749 |  13058 |    691 |   2490 |   8294 |  11 | 1249.9 |
        Temple |      1 |      1 |      0 |      0 |      0 |   1 |    1.0 |
       Ossuary |    807 |    807 |      0 |     83 |    422 |   1 |  807.0 |
               +--------+--------+--------+--------+--------+-----+--------+

Top non-repeatable levels by time:
     D:9: 2006 daAuts
     D:8: 1800 daAuts
     D:5: 1502 daAuts
     D:7: 1440 daAuts
     D:6: 1415 daAuts
    D:11: 1189 daAuts
    D:10: 1049 daAuts
     D:2: 894 daAuts
     D:3: 885 daAuts
     D:1: 852 daAuts
 Ossuary: 807 daAuts
     D:4: 711 daAuts
  Temple: 1 daAuts
